 Dungeon Crawl Stone Soup version 0.31-a0-23-gcbde74481b (webtiles) character file.

Game seed: 12726487048387287978

(classic levelgen) 6 Amnesiac the Sneak (level 1, 0/11 HPs)
             Began as a Spriggan Delver on May 13, 2023.
             Slain by a quokka (3 damage)
             ... on level 4 of the Dungeon.
             The game lasted 00:00:33 (214 turns).

Amnesiac the Sneak (Spriggan Delver)                 Turns: 214, Time: 00:00:34

Health: 0/11       AC:  2    Str:  8    XL:     1   Next: 75%
Magic:  2/2        EV: 17    Int: 11    God:
Gold:   26         SH:  0    Dex: 16    Spells: 0/0 levels left

rFire   . . .        a - +0 short sword
rCold   . . .        (no shield)
rNeg    . . .        b - +0 robe
rPois   .            (helmet restricted)
rElec   .            (no cloak)
rCorr   .            (gloves unavailable)
SInv    +            (boots unavailable)
Will    .....        (no amulet)
Stlth   ++++         (no ring)
HPRegen 0.21/turn    (no ring)
MPRegen 0.08/turn

%: no passive effects
@: very quick
A: very small, no large weapons, unfitting armour, see invisible, speed 3
a: no special abilities


You were on level 4 of the Dungeon.
You visited 1 branch of the dungeon, and saw 2 of its levels.

You collected 26 gold pieces.

Inventory:

Hand Weapons
 a - a +0 short sword (weapon)
Armour
 b - a +0 robe (worn)
Wands
 g - a wand of digging (3)
Scrolls
 c - a scroll of fog {!r}
 d - a scroll of magic mapping {!r}
 e - a scroll of fear {!r}
 i - a scroll of teleportation {!r, unknown}
 j - a scroll of enchant armour {!r, unknown}
 k - a scroll of vulnerability {!r, unknown}
Potions
 f - 2 potions of haste {!q}
 h - 2 potions of mutation {!q, unknown}


   Skills:
 - Level 2.4 Fighting
 - Level 2.1 Short Blades
 - Level 2.6 Dodging
 - Level 7.2 Stealth
 + Level 2.0 Evocations


You couldn't memorise any spells.
You didn't know any spells.
Your spell library was empty.

Dungeon Overview and Level Annotations

Branches:
Dungeon (5/15)
 Temple: D:4-7

Altars:

Shops:
D:5 !:


Innate Abilities, Weirdness & Mutations

You are very small and have problems with some larger weapons.
You are too small for most types of armour.
You have supernaturally acute eyesight. (SInv)
You cover ground extremely quickly. (Speed+++)


Message History

You hit the jackal.
You kill the jackal!
No target in view!
No target in view!
You now have 12 gold pieces.
HP restored.
You now have 23 gold pieces (gained 11).
Found Kacameg's Book Emporium.
There is an entrance to Kacameg's Book Emporium here.
You now have 26 gold pieces (gained 3).
f - 2 potions of haste {!q} (gained 1)
k - a scroll labelled JUGI BEOPNIN {!r}
Found Miungire's Distillery.
A hound comes into view.
Found 12 gold pieces.
Found a stone staircase leading up.
Found 7 stones.
The hound barks!
Okay, then.
Found a flail.
There is a stone staircase leading up here.
You climb upwards.
You hear the hiss of flowing sand.
There is an entrance to an ossuary on this level.
Hurry and find it before the portal is buried!
The orc shouts!
There is a stone staircase leading down here.
A quokka comes into view.
You hit the orc.
The orc is moderately wounded.
The orc hits you with a +0 dagger.
You barely miss the orc.
The orc is moderately wounded.
The orc closely misses you.
You hit the orc.
The orc is heavily wounded.
You hit the orc.
You kill the orc!
Your Evocations skill increases to level 2!
You see here a +0 dagger.
You closely miss the quokka. The quokka barely misses you.
You closely miss the quokka. The quokka barely misses you.
You closely miss the quokka. The quokka misses you.
You hit the quokka.
The quokka is heavily wounded.
The quokka misses you.
You hit the quokka but do no damage.
The quokka is heavily wounded.
The quokka misses you.
You closely miss the quokka.
The quokka is heavily wounded.
The quokka bites you.
You barely miss the quokka.
The quokka is heavily wounded.
The quokka closely misses you.
You hit the quokka but do no damage.
The quokka is heavily wounded.
The quokka closely misses you.
You hit the quokka but do no damage.
The quokka is heavily wounded.
The quokka closely misses you. The quokka bites you.
* * * LOW HITPOINT WARNING * * *
You hit the quokka but do no damage.
The quokka is heavily wounded.
The quokka bites you.
You die...

......# ..
......##.#
......##.#
....##.#
......#
#....#
#r...#
#.#@)..#
#......##
###....>#
#...#.#
#####.#
#.# #.#
#.# #.#


You could see a quokka.

Vanquished Creatures
  An orc (D:4)
  3 jackals (D:5)
4 creatures vanquished.

Notes
Turn   | Place    | Note
-------+----------+-------------------------------------------
     0 | D:5      | Amnesiac the Spriggan Delver began the quest for the Orb.
     0 | D:5      | Reached XP level 1. HP: 11/11 MP: 2/2
    33 | D:5      | Reached skill level 1 in Evocations
   141 | D:5      | Found Kacameg's Book Emporium.
   186 | D:5      | Found Miungire's Distillery.
   187 | D:5      | Noticed a hound
   214 | D:4      | Slain by a quokka

Illustrated notes

Levels and vault maps discovered:
D:4:      layout_basic, enter_ossuary_4, uniq_natasha
D:5:      black_bear_nest_2, layout_layer_cave, gammafunk_ghost_icy,
          serial_shops, nicolae_shop_tiny_statue_garden, nicolae_shop_trees,
          nicolae_shop_industrial_runoff, nicolae_shop_trees,
          kennysheep_little_box, hangedman_decor_diamond_cutter

Skill      XL: |  1 |
---------------+----+-----
Evocations     | 2 |  2.0
Fighting       | |  2.4
Short Blades   | |  2.1
Dodging        | |  2.6
Stealth        | |  7.2

Action                     || total
---------------------------++-------
  Melee: Short sword       ||    34
 Armour: Robe              ||     2
  Dodge: Dodged            ||    26

Table legend: (Time is in decaauts)
 A = Elapsed time spent in this place.
 B = Non-inter-level travel time spent in this place.
 C = Inter-level travel time spent in this place.
 D = Time resting spent in this place.
 E = Time spent auto-exploring this place.
 F = Levels seen in this place.
 G = Mean time per level.
                   A        B        C        D        E       F      G
               +--------+--------+--------+--------+--------+-----+--------+
         Total |    142 |    142 |      0 |      0 |     74 |   2 |   71.0 |
       Dungeon |    142 |    142 |      0 |      0 |     74 |   2 |   71.0 |
               +--------+--------+--------+--------+--------+-----+--------+

Top non-repeatable levels by time:
     D:5: 127 daAuts
     D:4: 14 daAuts
